 Dungeon Crawl Stone Soup version 0.31-a0-1-g4198be8af4 (webtiles) character file.

Game seed: 13015258554287001351

803 greasedhog the Cudgeller (level 7, -3/76 HPs)
             Began as an Ogre Fighter on May 1, 2023.
             Slain by a gnoll
             ... wielding a +0 halberd
              (11 damage)
             ... on level 4 of the Dungeon.
             The game lasted 00:05:33 (5148 turns).

greasedhog the Cudgeller (Ogre Fighter)             Turns: 5148, Time: 00:05:33

Health: -3/76      AC:  3    Str: 29    XL:     7   Next: 91%
Magic:  7/7        EV:  9    Int:  9    God:
Gold:   241        SH:  7    Dex:  8    Spells: 6/6 levels left

rFire   . . .        a - +1 flail
rCold   . . .        c - +0 kite shield
rNeg    . . .        A - +0 robe {Will+}
rPois   .            (helmet restricted)
rElec   .            (no cloak)
rCorr   .            (gloves unavailable)
SInv    .            (boots unavailable)
Will    +....        (no amulet)
Stlth   +            e - +6 ring of strength
HPRegen 0.32/turn    (no ring)
MPRegen 0.10/turn

%: no passive effects
@: no status effects
A: large, unfitting armour, tough skin 1
a: no special abilities


You were on level 4 of the Dungeon.
You visited 1 branch of the dungeon, and saw 4 of its levels.
You also visited: Sewer.

You collected 241 gold pieces.

Inventory:

Hand Weapons
 a - a +1 flail (weapon)
Missiles
 w - a curare-tipped dart (quivered)
Armour
 c - a +0 kite shield (worn)
 A - a +0 robe of willpower (worn)
Jewellery
 e - a +6 ring of strength (left hand)
Scrolls
 f - 2 scrolls of teleportation
 h - a scroll of noise
 i - a scroll of silence
 j - a scroll of brand weapon
 k - a scroll of vulnerability {unknown}
 l - a scroll of poison {unknown}
 n - a scroll of immolation {unknown}
 o - a scroll of amnesia {unknown}
 p - a scroll of enchant weapon
 t - a scroll of fear {unknown}
 v - a scroll of fog {unknown}
 x - a scroll of torment {unknown}
 y - a scroll of blinking {unknown}
Potions
 d - 2 potions of might
 g - 2 potions of curing
 m - a potion of magic {unknown}
 q - 3 potions of flight {unknown}
 r - 2 potions of heal wounds {unknown}
 s - a potion of invisibility {unknown}
 u - a potion of mutation {unknown}
 z - a potion of brilliance {unknown}


   Skills:
 - Level 6.3 Fighting
 * Level 6.6 Maces & Flails
 + Level 3.9 Dodging
 - Level 3.0 Shields


You had 6 spell levels left.
You didn't know any spells.
Your spell library was empty.

Dungeon Overview and Level Annotations

Branches:
Dungeon (4/15)              Sewer (visited)
 Temple: D:4-7

Altars:
Cheibriados
Zin


Innate Abilities, Weirdness & Mutations

You are too large for most types of armour.
You have tough skin. (AC +1)


Message History

You hit the gnoll.
You kill the gnoll!
A kobold comes into view. It is wielding a +0 short sword.
Things that are here:
a +0 whip; a scroll of teleportation
Things that are here:
a +0 club; a gnoll corpse; an adder corpse An orc comes into view.
It is wielding a +0 club.
The kobold hits you with a +0 short sword.
You barely miss the kobold. You block the gnoll's attack.
The kobold hits you but does no damage. The gnoll barely misses you.
The kobold hits you with a +0 short sword.
You miss the kobold.
The orc shouts!
You block the kobold's attack.
The gnoll hits you from afar with a +0 halberd!
You hit the kobold but do no damage. The gnoll barely misses you.
You block the kobold's attack.
You miss the kobold.
The gnoll hits you from afar with a +0 halberd!
The kobold completely misses you.
You closely miss the kobold. You block the gnoll's attack.
The kobold hits you but does no damage.
You thump the kobold!
You kill the kobold!
The gnoll hits you from afar with a +0 halberd!
The gnoll completely misses you. The gnoll hits you with a +0 halberd!
Things that are here:
a +0 short sword; a scroll labelled IPPEEDDAUCW; a kobold corpse You closely miss the gnoll.
The gnoll barely misses you.
You barely miss the gnoll. You block the gnoll's attack.
You closely miss the gnoll. You block the gnoll's attack.
You closely miss the gnoll. The gnoll hits you with a +0 halberd!
* * * LOW HITPOINT WARNING * * *
You closely miss the gnoll. The gnoll hits you with a +0 halberd!
* * * LOW HITPOINT WARNING * * *
You completely miss the gnoll. You block the gnoll's attack.
The gnoll hits you with a +0 halberd!
You die...

#.# #### ##
...## #. .....
#. ....#
#.####.##.g..#
#...........#
#o# #g# #@#
#.# #.# ♣ #.#
♣♣ #.# ♣♣.
#######.# ♣♣.#
.......)# ♣...
######..# ♣♣.#
#..# ♣♣.


You could see a gnoll and an orc.

Vanquished Creatures
  A black bear (D:4)
  An ice beast (D:4)
  2 kobold brigands (Sewer)
  A hound (D:4)
  An orc priest (D:4)
  A jelly (D:4)
  Jessica (D:2)
  Terence (D:2)
  Natasha (twice) (D:2)
  4 gnolls
  9 adders
  5 river rats
  4 worms
  3 dart slugs
  5 orcs
  2 endoplasms (D:1)
  4 giant cockroaches
  13 goblins
  8 hobgoblins
  3 jackals
  9 quokkas
  14 ball pythons
  2 bats
  7 frilled lizards
  11 kobolds
  8 rats
122 creatures vanquished.

Vanquished Creatures (others)
  9 plants
9 creatures vanquished.

Grand Total: 131 creatures vanquished

Notes
Turn   | Place    | Note
-------+----------+-------------------------------------------
     0 | D:1      | greasedhog the Ogre Fighter began the quest for the Orb.
     0 | D:1      | Reached XP level 1. HP: 24/24 MP: 1/1
   219 | D:1      | Reached XP level 2. HP: 15/33 MP: 2/2
   684 | D:1      | Reached XP level 3. HP: 39/40 MP: 3/3
  1455 | D:2      | Reached XP level 4. HP: 35/49 MP: 4/4
  1570 | D:2      | Reached skill level 5 in Fighting
  1690 | D:2      | Noticed Natasha
  1701 | D:2      | Killed Natasha
  1724 | D:2      | Reached XP level 5. HP: 24/57 MP: 5/5
  1881 | D:2      | Noticed Terence
  1887 | D:2      | Killed Terence
  2048 | D:2      | Noticed Natasha
  2055 | D:2      | Killed Natasha
  2086 | D:2      | Noticed Jessica
  2103 | D:2      | Killed Jessica
  2456 | D:3      | Found a glowing drain.
  2460 | Sewer    | Entered a sewer
  2477 | Sewer    | Reached XP level 6. HP: 47/67 MP: 6/6
  2970 | Sewer    | Reached skill level 5 in Maces & Flails
  3264 | Sewer    | Reached XP level 7. HP: 53/76 MP: 7/7
  4158 | D:3      | Found a snail-covered altar of Cheibriados.
  4334 | D:3      | Found a glowing silver altar of Zin.
  5148 | D:4      | Slain by a gnoll

Illustrated notes

Levels and vault maps discovered:
D:1:      dpeg_arrival_brainrot, layout_basic, serial_bayou_pond_a,
          glass_columns_c, serial_bayou_ford_a, hangedman_decor_points,
          minmay_misc_feat_pillars, minmay_shallow_snake_nest
D:2:      kennysheep_the_goblin_king, layout_basic, uniq_natasha, uniq_jessica,
          uniq_terence
D:3:      layout_loops_ring, marbit_many_paths, mainiacjoe_overflow_alcove_2,
          gup_sewer_entry_spiral
D:4:      layout_loops_ring, kennysheep_diamond

Skill      XL: |  1  2  3  4  5  6  7 |
---------------+----------------------+-----
Maces & Flails | 2 3 4 5 6 |  6.6
Fighting       | 5 6 |  6.3
Dodging        | 3 |  3.9
Shields        | |  3.0

Action                     |  1- 3 |  4- 6 |  7- 9 || total
---------------------------+-------+-------+-------++-------
  Melee: Flail             |    93 |   197 |   141 ||   431
    Use: Scroll            |       |     2 |     4 ||     6
 Armour: Robe              |    20 |    49 |    29 ||    98
  Dodge: Dodged            |    36 |    72 |    63 ||   171
  Block: Kite shield       |    36 |    99 |    54 ||   189

Table legend: (Time is in decaauts)
 A = Elapsed time spent in this place.
 B = Non-inter-level travel time spent in this place.
 C = Inter-level travel time spent in this place.
 D = Time resting spent in this place.
 E = Time spent auto-exploring this place.
 F = Levels seen in this place.
 G = Mean time per level.
                   A        B        C        D        E       F      G
               +--------+--------+--------+--------+--------+-----+--------+
         Total |   5273 |   5117 |    156 |    609 |   3451 |   5 | 1054.6 |
       Dungeon |   4079 |   3923 |    156 |    257 |   2838 |   4 | 1019.8 |
         Sewer |   1193 |   1193 |      0 |    352 |    613 |   1 | 1193.0 |
               +--------+--------+--------+--------+--------+-----+--------+

Top non-repeatable levels by time:
     D:1: 1231 daAuts
   Sewer: 1193 daAuts
     D:2: 1099 daAuts
     D:3: 1031 daAuts
     D:4: 716 daAuts
